 Dungeon Crawl Stone Soup version 0.25-a0-24-g72dcfe0359 (webtiles) character file.

Game seed: 8295274040137059999, levelgen mode: deterministic

2779 Dycilia the Geomancer (level 9, -5/62 HPs)
             Began as a Yellow Draconian Earth Elementalist on Oct 17, 2019.
             Was a Priest of Vehumet.
             Slain by Joseph
             ... wielding a +2 quarterstaff of draining
              (12 damage)
             ... on level 8 of the Dungeon.
             The game lasted 00:53:18 (9516 turns).

Dycilia the Geomancer (DrEE)                        Turns: 9516, Time: 00:53:19

Health: -5/62      AC:  9    Str: 11    XL:     9   Next: 42%
Magic:  2/30       EV: 12    Int: 22    God:    Vehumet [***...]
Gold:   421        SH:  0    Dex: 11    Spells: 14/25 levels left

rFire    . . .     SeeInvis .   C - +0 quarterstaff
rCold    . . .     Gourm    .   (shield currently unavailable)
rNeg     . . .     Faith    .   (armour unavailable)
rPois    .         Spirit   .   H - +0 hat
rElec    .         Reflect  .   m - +0 cloak
rCorr    +         Harm     .   g - +0 pair of gloves
MR       .....                  (no boots)
Stlth    ++........             (no amulet)
HPRegen  0.20/turn              z - ring of magical power
MPRegen  0.22/turn              E - +3 ring of intelligence

@: lightly drained
A: spit acid, unfitting armour, cold-blooded, acid resistance, AC +7
a: Breathe Acid, Renounce Religion


You were on level 8 of the Dungeon.
You worshipped Vehumet.
Vehumet was most pleased with you.
You were not hungry.

You visited 2 branches of the dungeon, and saw 9 of its levels.
You also visited: Ossuary.

You collected 421 gold pieces.

Inventory:

Hand Weapons
 C - a +0 quarterstaff (weapon)
Armour
 g - a +0 pair of gloves (worn)
 m - a +0 cloak (worn)
 H - a +0 hat (worn)
Jewellery
 e - a cursed ring of attention {unknown}
 t - a cursed -2 ring of strength {unknown}
 z - a ring of magical power (left hand)
 E - a +3 ring of intelligence (right hand)
 N - an uncursed ring of see invisible {unknown}
 P - an uncursed amulet of faith {unknown}
 S - an uncursed ring of fire {unknown}
Wands
 q - a wand of acid (8)
 r - a wand of scattershot (6)
 u - a wand of paralysis (9)
 D - a wand of disintegration (8)
Scrolls
 a - 2 scrolls of blinking {unknown}
 b - 6 scrolls of remove curse
 d - 5 scrolls of identify
 h - a scroll of magic mapping {unknown}
 k - 4 scrolls of teleportation {unknown}
 l - a scroll of fog {unknown}
 n - a scroll of amnesia {unknown}
 s - 3 scrolls of enchant weapon {unknown}
 y - a scroll of vulnerability {unknown}
 F - a scroll of silence {unknown}
 I - 2 scrolls of immolation {unknown}
 K - a scroll of torment {unknown}
 O - a scroll of random uselessness {unknown}
 Q - a scroll of enchant armour {unknown}
Potions
 f - a potion of curing
 j - 5 potions of flight
 o - 2 potions of mutation
 p - a potion of lignification {unknown}
 v - a potion of heal wounds {unknown}
 w - 2 potions of ambrosia {unknown}
 x - 2 potions of berserk rage
 A - 2 potions of cancellation
 B - 2 potions of might {unknown}
 G - a potion of magic {unknown}
 J - a potion of agility {unknown}
 L - a potion of degeneration {unknown}
 M - 2 potions of brilliance {unknown}
 R - a potion of haste {unknown}
Comestibles
 c - 18 rations
 T - a chunk of flesh


   Skills:
 - Level 2.3(2.0) Dodging
 - Level 1.7(1.4) Stealth
 + Level 8.9(8.6) Spellcasting
 - Level 2.2(1.8) Conjurations
 - Level 1.0(0.6) Transmutations
 - Level 9.0(8.6) Earth Magic


You had 14 spell levels left.
You knew the following spells:

 Your Spells              Type           Power        Failure   Level  Hunger
a - Sandblast             Erth           #####.       1%          1    None
b - Stone Arrow           Conj/Erth      ####..       1%          3    None
c - Lee's Rapid Deconstr  Erth           #####.....   1%          5    #####..
d - Passwall              Tmut/Erth      ####....     1%          2    None

Your spell library contained the following spells:

 Spells                   Type           Power        Failure   Level  Hunger
 Static Discharge         Conj/Air       ##......     4%          3    None
 Beastly Appendage        Tmut           ##....       5%          1    None
 Sticks to Snakes         Tmut           ##......     8%          2    None
 Petrify                  Tmut/Erth      ####....     11%         4    ###....
 Spider Form              Tmut/Pois      ##........   19%         3    None
 Ice Form                 Ice/Tmut       ##......     52%         4    ###....
 Blade Hands              Tmut           ##........   82%         5    #####..


Dungeon Overview and Level Annotations

Branches:
Dungeon (8/15)             Temple (1/1) D:4         Ossuary (visited)
   Lair: D:8-11

Altars:
Fedhas
Kikubaaqudgha
Nemelex Xobeh
Okawaru
Trog
Uskayaw
Vehumet
Wu Jian
Zin
The Shining One

Annotations:
D:7 2 transporters, Gynju's ghost, novice DrFE
D:8 Joseph


Innate Abilities, Weirdness & Mutations

You can spit globs of acid.
Your golden yellow scales are hard. (AC +7)
You cannot fit into any form of body armour.
You are cold-blooded and may be slowed by cold attacks.
You are resistant to acid. (rCorr)


Message History

Joseph is severely wounded.
Casting: Stone Arrow (safe; 1% risk of failure)
Confirm with . or Enter, or press ? or * to list all spells.
Aiming: Stone Arrow (safe; 1% risk of failure)
Press: ? - help, Shift-Dir - straight line, f/p - Joseph
Aim: Joseph, wielding a +2 quarterstaff of draining and wearing a +1 leather armour of cold resistance (severely wounded)
The stone arrow misses Joseph.
Joseph hits you with a +2 quarterstaff of draining!
* * * LOW HITPOINT WARNING * * *
You feel drained.
* * * LOW HITPOINT WARNING * * *
Casting: Stone Arrow (safe; 1% risk of failure)
Confirm with . or Enter, or press ? or * to list all spells.
Aiming: Stone Arrow (safe; 1% risk of failure)
Press: ? - help, Shift-Dir - straight line, f/p - Joseph
Aim: Joseph, wielding a +2 quarterstaff of draining and wearing a +1 leather armour of cold resistance (severely wounded)
The stone arrow hits Joseph!
Joseph is almost dead.
Joseph hits you with a +2 quarterstaff of draining!
You die...

...##..)..........#.....#
.........#..†..........#
.......#.....(......<.#
..##)..#.#..........# .
#...###.....((...#
.8.##.#8......(#(.####
.... ........####..##.##
####.........#####..#...#
#........###@@....^.#
........##...##.##..#
###.....##..#######.##
....#.####...# ###
.............#
............###
#.....<......#
.......#....###
..###.####.##


You could see Joseph.

Vanquished Creatures
  A water moccasin (D:8)
  A porcupine (D:8)
  An orc warrior (D:6)
  3 ice beasts
  3 ogres
  A big kobold (D:7)
  2 bullfrogs (D:6)
  7 scorpions (Ossuary)
  2 water moccasin skeletons
  A howler monkey (D:7)
  2 crimson imps
  3 centaur zombies
  2 human zombies (Ossuary)
  2 bullfrog skeletons
  4 orc priests
  3 hounds
  A jelly (D:6)
  4 orc wizards
  Natasha (thrice) (D:3)
  An iguana (D:7)
  5 worker ants
  4 big kobold zombies (Ossuary)
  A hound zombie (D:8)
  3 mummies (Ossuary)
  10 gnolls
  5 scorpion zombies (Ossuary)
  8 adders
  An ooze (D:4)
  An adder skeleton (D:4)
  A worm (D:2)
  2 dart slugs (D:1)
  9 leopard geckos
  31 orcs
  2 ball pythons
  4 giant cockroaches
  2 gnoll zombies (Ossuary)
  6 goblins
  14 hobgoblins
  6 jackals
  3 quokkas
  7 bats
  6 frilled lizards
  3 goblin zombies (Ossuary)
  A hobgoblin zombie (Ossuary)
  A jackal skeleton (D:4)
  21 kobolds
  2 kobold zombies (Ossuary)
  An orc zombie (Ossuary)
  3 rats
210 creatures vanquished.

Vanquished Creatures (others)
  A scorpion (Ossuary)
  A hobgoblin zombie (Ossuary)
  11 fungi (D:8)
  A plant (D:8)
14 creatures vanquished.

Grand Total: 224 creatures vanquished

Notes
Turn   | Place    | Note
-------+----------+-------------------------------------------
     0 | D:1      | Dycilia the Draconian Earth Elementalist began the quest
                  | for the Orb.
     0 | D:1      | Reached XP level 1. HP: 14/14 MP: 3/3
   233 | D:1      | Reached XP level 2. HP: 20/20 MP: 1/5
   587 | D:1      | Reached XP level 3. HP: 26/26 MP: 3/6
  1113 | D:2      | Learned a level 3 spell: Stone Arrow
  1595 | D:2      | Reached XP level 4. HP: 33/33 MP: 5/8
  1673 | D:2      | Reached skill level 1 in Conjurations
  2015 | D:2      | Found an iron altar of Okawaru.
  2379 | D:3      | Reached skill level 4 in Earth Magic
  2861 | D:3      | Noticed Natasha
  2899 | D:3      | Killed Natasha
  2899 | D:3      | Reached XP level 5. HP: 38/38 MP: 2/9
  3075 | D:3      | Noticed Natasha
  3087 | D:3      | Killed Natasha
  3198 | D:3      | Noticed Natasha
  3207 | D:3      | Killed Natasha
  3418 | D:4      | Learned a level 5 spell: Lee's Rapid Deconstruction
  3518 | D:4      | Noticed an ogre
  3670 | D:4      | Noticed an ogre
  3674 | D:4      | Killed an ogre
  3674 | D:4      | Reached XP level 6. HP: 45/45 MP: 5/12
  3680 | D:4      | Reached skill level 5 in Earth Magic
  4085 | D:4      | Found a staircase to the Ecumenical Temple.
  4094 | Temple   | Entered the Ecumenical Temple
  4128 | Temple   | Became a worshipper of Vehumet
  4343 | D:5      | Entered Level 5 of the Dungeon
  4411 | D:5      | Noticed an ice beast
  4441 | D:5      | Killed an ice beast
  4441 | D:5      | Your scales start taking on a golden yellow colour.
  4441 | D:5      | Reached XP level 7. HP: 33/50 MP: 5/14
  4441 | D:5      | Gained mutation: You are resistant to acid. (rCorr) [Yellow
                  | Draconian growth]
  4608 | D:5      | Reached skill level 6 in Earth Magic
  4905 | D:5      | Reached skill level 5 in Spellcasting
  5050 | D:5      | Reached * piety under Vehumet
  5050 | D:5      | Offered knowledge of Sting by Vehumet.
  5217 | D:5      | Found a glowing golden altar of the Shining One.
  5440 | D:5      | Reached skill level 7 in Earth Magic
  5558 | D:5      | Reached XP level 8. HP: 57/57 MP: 14/16
  6183 | D:6      | Reached skill level 8 in Earth Magic
  6320 | D:6      | Reached ** piety under Vehumet
  6321 | D:6      | Offered knowledge of Searing Ray by Vehumet.
  6748 | D:6      | Learned a level 2 spell: Passwall
  7442 | D:7      | Found a transporter.
  7448 | D:7      | Noticed Gynju's ghost (novice DrFE)
  7471 | D:7      | Found a transporter.
  7523 | D:7      | Reached skill level 9 in Earth Magic
  7600 | D:7      | Found an ornate altar of the Wu Jian Council.
  7841 | D:7      | Found a hide-covered altar of Uskayaw.
  8642 | D:8      | Found a sand-covered staircase.
  8654 | Ossuary  | Entered an ossuary
  8668 | Ossuary  | Offered knowledge of Throw Flame by Vehumet.
  8672 | Ossuary  | Reached XP level 9. HP: 55/62 MP: 19/19
  8993 | Ossuary  | Reached *** piety under Vehumet
  9362 | Ossuary  | Offered knowledge of Static Discharge by Vehumet.
  9484 | D:8      | Noticed Joseph
  9516 | D:8      | Slain by Joseph

Levels and vault maps discovered:
D:1:      minmay_arrival_three_doors, layout_basic
D:2:      minmay_door_path, layout_rooms, okawaru_metal_pillars_1_2,
          minmay_bisected
D:3:      layout_rooms, uniq_natasha
D:4:      layout_rooms, temple_hall, first_ration, serial_rivers,
          chequers_serial_rivers_small_3, chequers_serial_rivers_large_b,
          chequers_serial_rivers_small_b, chequers_serial_rivers_micro_a
D:5:      corexii_shantytown, layout_gridville, tso_metal_star
D:6:      layout_layer_cave
D:7:      layout_loops_corners, overflow_temple_1_default, lemuel_doored_altar,
          gammafunk_ghost_stat_death
D:8:      layout_cave_pools, kennysheep_mini, due_lair_maze_entry_diamond,
          lightli_ossuary_entry_decrepit_ruins, makhleb_blood_cavern_becter,
          uniq_joseph, uniq_harold, uniq_psyche
Temple:   jpeg_temple_clearing

Skill      XL: |  1  2  3  4  5  6  7  8  9 |
---------------+----------------------------+-----
Dodging        | 2 |  2.3
Spellcasting   | 3 4 5 7 8 |  8.9
Conjurations   | 1 2 |  2.2
Earth Magic    | 4 5 7 9 |  9.0
Stealth        | |  1.7
Transmutations | |  1.0

Action                   |  1- 3 |  4- 6 |  7- 9 || total
-------------------------+-------+-------+-------++-------
Melee: Unarmed           |     1 |       |     2 ||     3
 Cast: Sandblast         |    61 |    57 |   175 ||   293
       Stone Arrow       |     3 |    23 |    81 ||   107
       Lee's Rapid Decon |       |       |     2 ||     2
 Abil: Breathe Acid      |       |       |     2 ||     2
Evoke: Wand              |       |       |     2 ||     2
  Use: Scroll            |       |       |     7 ||     7
       Potion            |       |       |     1 ||     1
  Eat: Chunk             |     3 |     8 |    10 ||    21
       Ration            |       |     1 |     2 ||     3
Armor: Skin              |     5 |     8 |    16 ||    29
Dodge: Dodged            |    26 |    23 |    38 ||    87
Block: Buckler           |       |       |     3 ||     3

Table legend:
 A = Non-vault XP
 B = Vault XP
 C = Vault XP percentage of total XP
 D = Non-vault monster count
 E = Vault monster count
 F = Vault count percentage of total count
                 A         B        C        D         E       F
            +---------+---------+-------+---------+---------+-------
      Total |    2790 |    1180 |  29.7 |     132 |      77 |  36.8
            +---------+---------+-------+---------+---------+-------
        D:1 |      52 |       0 |   0.0 |      21 |       0 |   0.0
        D:2 |      60 |      26 |  30.2 |      20 |       7 |  25.9
        D:3 |     116 |      36 |  23.7 |      14 |       1 |   6.7
        D:4 |     397 |       0 |   0.0 |      12 |       0 |   0.0
        D:5 |     591 |     190 |  24.3 |      12 |      37 |  75.5
        D:6 |     875 |       0 |   0.0 |      28 |       0 |   0.0
        D:7 |     407 |       0 |   0.0 |      17 |       0 |   0.0
        D:8 |     292 |     136 |  31.8 |       8 |       1 |  11.1
    Ossuary |       0 |     792 | 100.0 |       0 |      31 | 100.0
            +---------+---------+-------+---------+---------+-------
